 Dungeon Crawl Stone Soup version 0.31-a0-705-ga145531891 (webtiles) character file.

Game seed: 9683644439903692880

2221 dialectric the Unseen (level 9, -5/42 HPs)
             Began as a Spriggan Brigand on Sept 9, 2023.
             Was a Follower of Dithmenos.
             Hit by a large rock thrown by a cyclops (41 damage)
             ... on level 12 of the Dungeon.
             The game lasted 00:11:58 (4966 turns).

dialectric the Unseen (Spriggan Brigand)            Turns: 4966, Time: 00:11:58

Health: -5/42      AC:  9    Str: 14    XL:     9   Next: 13%
Magic:  14/14      EV: 20    Int: 14    God:    Dithmenos [*.....]
Gold:   635        SH:  0    Dex: 20    Spells: 11/13 levels left

rFire   . . .        a - +2 dagger
rCold   . . .        (no shield)
rNeg    . . .        b - +0 robe
rPois   .            (helmet restricted)
rElec   .            c - +2 cloak
rCorr   .            (gloves unavailable)
SInv    +            (boots unavailable)
Will    +....        (no amulet)
Stlth   +++++++      l - +6 ring of strength
HPRegen 0.27/turn    y - +4 ring of protection
MPRegen 0.14/turn

%: no passive effects
@: about to teleport, wreathed by umbra, very quick
A: very small, no large weapons, unfitting armour, see invisible, speed 3,
talons 1, agile 1
a: Renounce Religion


You were on level 12 of the Dungeon.
You worshipped Dithmenos.
Dithmenos was aware of your devotion.
You visited 2 branches of the dungeon, and saw 13 of its levels.
You also visited: Ossuary.

You collected 635 gold pieces.

Inventory:

Hand Weapons
 a - a +2 dagger (weapon)
Missiles
 v - 4 poisoned darts
 x - 2 atropa-tipped darts
Armour
 b - a +0 robe (worn)
 c - a +2 cloak (worn)
Jewellery
 l - a +6 ring of strength (left hand)
 m - an amulet of magic regeneration
 t - a ring of see invisible
 y - a +4 ring of protection (right hand)
Talismans
 d - a blade talisman
 q - a maw talisman
Wands
 e - a wand of polymorph (4)
Scrolls
 f - a scroll of enchant armour
 g - 11 scrolls of identify
 h - a scroll of teleportation
 k - a scroll of immolation
 o - 5 scrolls of vulnerability
 p - a scroll of amnesia
 u - a scroll of enchant weapon {unknown}
 A - 3 scrolls of acquirement {unknown}
Potions
 i - 5 potions of curing {unknown}
 j - a potion of might {unknown}
 n - 2 potions of brilliance
 r - a potion of cancellation {unknown}
 s - a potion of resistance
 w - a potion of ambrosia {unknown}
 z - a potion of magic {unknown}
 B - a potion of heal wounds


   Skills:
 - Level 2.1 Fighting
 + Level 6.6 Short Blades
 - Level 2.0 Throwing
 - Level 5.0 Dodging
 * Level 15.3 Stealth
 * Level 2.9 Spellcasting
 - Level 1.0 Evocations


You had 11 spell levels left.
You knew the following spells:

 Your Spells              Type           Power      Damage    Failure   Level
a - Blink                 Tloc           4%         N/A       32%         2

Your spell library contained the following spells:

 Spells                   Type           Power      Damage    Failure   Level
 Apportation              Tloc           4%         N/A       22%         1
 Magic Dart               Conj           8%         1d3       22%         1
 Necrotise                Necr           8%         1d4       22%         1
 Summon Small Mammal      Summ           8%         N/A       22%         1
 Call Imp                 Summ           4%         N/A       32%         2
 Gell's Gravitas          Tloc           2%         N/A       54%         3
 Mephitic Cloud           Conj/Pois/Air  2%         N/A       54%         3
 Summon Guardian Golem    Hex/Summ       2%         N/A       54%         3
 Teleport Other           Tloc           2%         N/A       54%         3
 Manifold Assault         Tloc           2%         N/A       91%         4
 Dispersal                Tloc           1%         N/A       100%        6
 Haunt                    Necr/Summ      1%         N/A       100%        7
 Orb of Destruction       Conj           1%         9d5       100%        7
 Spellforged Servitor     Conj/Summ      1%         N/A       100%        7
 Borgnjor's Revivificati  Necr           1%         N/A       100%        8
 Death's Door             Necr           1%         N/A       100%        9


Dungeon Overview and Level Annotations

Branches:
Dungeon (12/15)            Temple (1/1) D:5             Orc (0/2) D:10
Ossuary (visited)
   Lair: D:8-11

Altars:
Ashenzari
Cheibriados
Dithmenos
Elyvilon
Fedhas
Gozag
Hepliaklqana
Kikubaaqudgha
Makhleb
Okawaru
Ru
Sif Muna
Trog
Uskayaw
Wu Jian
Yredelemnul
Zin
The Shining One

Annotations:
D:4 1 transporter
D:7 2 transporters, Menkaure
D:11 Fannar


Innate Abilities, Weirdness & Mutations

You are very small and have problems with some larger weapons.
You are too small for most types of armour.
You have supernaturally acute eyesight. (SInv)
You cover ground extremely quickly. (Speed+++)
You have sharp toenails.
You are agile. (Dex +4, Str/Int -1)


Message History

You now have 615 gold pieces (gained 16).
There are no items here.
A centaur and a slime creature come into view.
A slime creature comes into view.
Found a spear.
You see here 20 gold pieces.
You now have 635 gold pieces (gained 20).
The slime creature quivers.
The centaur wields a +0 shortbow.
The centaur shoots an arrow.
The arrow hits you but does no damage.
The centaur shoots an arrow.
The arrow misses you.
A slime creature comes into view.
The centaur shoots an arrow.
The arrow hits you.
The centaur shoots an arrow.
The arrow closely misses you.
The centaur shoots an arrow.
The arrow barely misses you. The orc closely misses you.
The orc attacks as it pursues you! The orc hits you but does no damage.
The orc misses you.
The centaur shoots an arrow.
The arrow closely misses you.
The centaur shoots an arrow.
The arrow barely misses you.
You see here a scroll of vulnerability.
o - 5 scrolls of vulnerability (gained 1)
A vampire mosquito comes into view. x2
A vampire mosquito comes into view.
The vampire mosquito buzzes angrily. x2
The cyclops throws a large rock.
The large rock barely misses you.
An unseen horror comes into view.
An unseen horror comes into view.
Found 18 gold pieces.
Found 22 gold pieces.
As you read the scroll of teleportation, it crumbles to dust.
You feel strangely unstable. The vampire mosquito barely misses you.
The unseen horror closely misses you.
A slime creature comes into view.
Found a leather armour.
The unseen horror hits you.
The vampire mosquito attacks as it pursues you!
The vampire mosquito barely misses you.
The cyclops throws a large rock.
The large rock hits you!!!
Ouch! That really hurt!
You die...

.... #<.. ....J ###.
.....##.. .....##... ..
......... .........###.#
#........ ...$....$#...#
#........
.............##.........
.........#..............
.......xy##...........##
.......@x.y..........# .
...........y......... ##
......#.............# #
......##............##
..........C......##..##
................## ..#.
..[............## ##..#.
.#.............####.....
...#.............#.#..##.#


You could see a slime creature (wandering), a cyclops, 2 unseen horrors and 3
vampire mosquitoes.

Vanquished Creatures
  A troll (D:12)
  A vampire mosquito (D:12)
  3 yaks (D:10)
  A sky beast (D:6)
  A black bear (D:6)
  2 centaurs
  3 ogres (D:5)
  2 bullfrogs (D:7)
  A kobold brigand (D:9)
  2 scorpions
  A howler monkey (D:7)
  An orc priest (D:5)
  3 hounds
  An iguana (D:5)
  An orc wizard (D:6)
  9 mummies
  8 gnolls (D:6)
  4 adders
  3 shadow imps
  A white imp (D:6)
  4 ufetubi
  4 worms
  2 dart slugs
  10 orcs
  3 endoplasms
  6 giant cockroaches
  4 hobgoblins
  3 jackals
  4 kobolds
  2 quokkas
  A ball python (D:1)
  3 bats
  3 frilled lizards
  7 goblins
  A hobgoblin skeleton (D:10)
  3 hobgoblin zombies (Ossuary)
  3 kobold zombies (Ossuary)
  2 orc zombies (Ossuary)
  2 rats (D:1)
116 creatures vanquished.

Vanquished Creatures (others)
  A killer bee (D:7)
1 creature vanquished.

Grand Total: 117 creatures vanquished

Notes
Turn   | Place    | Note
-------+----------+-------------------------------------------
     0 | D:1      | dialectric the Spriggan Brigand began the quest for the
                  | Orb.
     0 | D:1      | Reached XP level 1. HP: 10/10 MP: 2/2
    27 | D:1      | Reached skill level 6 in Stealth
   150 | D:1      | Reached XP level 2. HP: 15/15 MP: 3/3
   381 | D:1      | Found a faded altar of an unknown god.
   683 | D:2      | Reached skill level 7 in Stealth
   842 | D:2      | Reached XP level 3. HP: 4/18 MP: 4/4
  1094 | D:2      | Gained mutation: You have sharp toenails. [potion of
                  | mutation]
  1094 | D:2      | Gained mutation: You are agile. (Dex +4, Str/Int -1)
                  | [potion of mutation]
  1311 | D:3      | Reached XP level 4. HP: 21/23 MP: 5/5
  1341 | D:4      | Noticed a scorpion
  1363 | D:4      | Killed a scorpion
  1364 | D:4      | Reached skill level 8 in Stealth
  1428 | D:4      | Reached XP level 5. HP: 26/26 MP: 6/6
  1445 | D:4      | Found a transporter.
  1466 | D:4      | Noticed a phantom
  1588 | D:4      | Found a snail-covered altar of Cheibriados.
  1609 | D:4      | Found a blossoming altar of Fedhas.
  1634 | D:5      | Entered Level 5 of the Dungeon
  1721 | D:5      | Reached skill level 9 in Stealth
  1751 | D:5      | Noticed an ogre
  1788 | D:5      | Killed an ogre
  1789 | D:5      | Reached XP level 6. HP: 21/30 MP: 7/7
  1847 | D:5      | Reached skill level 10 in Stealth
  2033 | D:5      | Found an opulent altar of Gozag.
  2098 | D:5      | Reached XP level 7. HP: 28/35 MP: 8/8
  2126 | D:5      | Found a sand-covered staircase.
  2133 | Ossuary  | Entered an ossuary
  2200 | Ossuary  | Reached skill level 11 in Stealth
  2591 | D:5      | Found a staircase to the Ecumenical Temple.
  2596 | Temple   | Entered the Ecumenical Temple
  2606 | Temple   | Became a worshipper of Dithmenos the Shadowed
  2866 | D:6      | Reached skill level 5 in Short Blades
  2974 | D:6      | Found a bloodstained altar of Trog.
  3306 | D:6      | Reached skill level 12 in Stealth
  3453 | D:6      | Found a glowing golden altar of the Shining One.
  3510 | D:6      | Reached XP level 8. HP: 32/39 MP: 9/9
  3573 | D:6      | Reached skill level 5 in Dodging
  3573 | D:6      | Reached skill level 1 in Evocations
  3851 | D:7      | Found a transporter.
  3855 | D:7      | Found an ancient bone altar of Kikubaaqudgha.
  3857 | D:7      | Noticed Menkaure
  3859 | D:7      | Found a basalt altar of Yredelemnul.
  3957 | D:7      | Learned a level 2 spell: Blink
  4048 | D:7      | Found a transporter.
  4073 | D:7      | Reached skill level 13 in Stealth
  4219 | D:8      | Found an iron altar of Okawaru.
  4543 | D:9      | Reached * piety under Dithmenos
  4560 | D:10     | Entered Level 10 of the Dungeon
  4701 | D:10     | Reached skill level 1 in Spellcasting
  4705 | D:10     | Reached skill level 14 in Stealth
  4731 | D:10     | Found a staircase to the Orcish Mines.
  4780 | D:11     | Noticed Fannar
  4783 | D:12     | Noticed a troll
  4785 | D:12     | Reached XP level 9. HP: 42/42 MP: 13/13
  4835 | D:11     | You fall into a shaft and drop 1 floor!
  4853 | D:12     | Noticed a cyclops
  4883 | D:12     | Noticed a troll
  4889 | D:12     | Killed a troll
  4890 | D:12     | Reached skill level 15 in Stealth
  4961 | D:12     | Noticed an unseen horror
  4962 | D:12     | Noticed an unseen horror
  4966 | D:12     | Hit by a large rock thrown by a cyclops

Illustrated notes

Levels and vault maps discovered:
D:1:      dpeg_arrival_court, layout_rooms, shapermc_ecumenical_altar_pompeii,
          grunt_decor_mini_mirrors, serial_bayou_pond_a,
          kennysheep_pointless_box, minmay_tetromino_i2
D:2:      layout_rooms, nrook_mini_backslash
D:3:      layout_loops_ring, serial_shops, shop, minivault_24, uniq_terence
D:4:      gammafunk_cloud_chamber, layout_basic, mainiacjoe_overflow_catwalk,
          mainiacjoe_overflow_surrounded_room, uniq_grinder
D:5:      layout_cave_pods, grunt_gozag_statues, tgw_xom,
          minmay_temple_entry_proselytizer, gup_ossuary_entry_pyramid
D:6:      layout_rooms, mainiacjoe_overflow_concentric_impassable,
          lemuel_crystal_altar
D:7:      layout_cave_pods, gammafunk_temple_of_torment
D:8:      nicolae_cairo_tiling_large, layout_rooms, okawaru_metal_pillars_3,
          lemuel_round_altar, nicolae_nh_ransacked_shop, uniq_erica
D:9:      minmay_curly_fans, layout_loops_ring, grunt_nemelex_the_gamble,
          dpeg_lair_monsters
D:10:     layout_big_octagon, grunt_qazlal_sundering, zombieorc2_lemuel,
          nicolae_sextant, uniq_lodul
D:11:     layout_long_grid, portal_ice_cave_entry_ice_simulacra,
          skrybe_limestone_x, uniq_fannar
D:12:     layout_cave_pools
Temple:   hellmonk_temple_rainy

Skill      XL: |  1  2  3  4  5  6  7  8  9 |
---------------+----------------------------+-----
Stealth        | 6 7 8 9 10 12 14 15 | 15.3
Fighting       | 2 |  2.1
Dodging        | 2 3 4 5 |  5.0
Short Blades   | 3 4 5 6 |  6.6
Evocations     | 1 |  1.0
Spellcasting   | 2 |  2.9
Throwing       | |  2.0

Action                     |  1- 3 |  4- 6 |  7- 9 || total
---------------------------+-------+-------+-------++-------
  Melee: Dagger            |   115 |    60 |   203 ||   378
         Kick              |     1 |    18 |    61 ||    80
         Punch             |     1 |     1 |     2 ||     4
  Throw: Dart              |    25 |    21 |     6 ||    52
         Throwing net      |       |       |     1 ||     1
  Evoke: Wand              |       |       |    17 ||    17
    Use: Potion            |     3 |     1 |     1 ||     5
         Scroll            |       |     9 |     5 ||    14
   Stab: Sleeping          |     9 |     4 |    17 ||    30
         Invisible         |       |     1 |       ||     1
         Distracted        |       |       |     2 ||     2
 Armour: Robe              |    32 |    22 |    85 ||   139
         Skin              |     1 |       |       ||     1
  Dodge: Dodged            |    81 |    45 |   220 ||   346

Table legend: (Time is in decaauts)
 A = Elapsed time spent in this place.
 B = Non-inter-level travel time spent in this place.
 C = Inter-level travel time spent in this place.
 D = Time resting spent in this place.
 E = Time spent auto-exploring this place.
 F = Levels seen in this place.
 G = Mean time per level.
                   A        B        C        D        E       F      G
               +--------+--------+--------+--------+--------+-----+--------+
         Total |   3494 |   3427 |     67 |    424 |   1621 |  14 |  249.6 |
       Dungeon |   3216 |   3154 |     62 |    424 |   1464 |  12 |  268.0 |
        Temple |     13 |      8 |      5 |      0 |      0 |   1 |   13.0 |
       Ossuary |    265 |    265 |      0 |      0 |    157 |   1 |  265.0 |
               +--------+--------+--------+--------+--------+-----+--------+

Top non-repeatable levels by time:
     D:6: 796 daAuts
     D:5: 475 daAuts
     D:2: 463 daAuts
     D:7: 459 daAuts
     D:1: 420 daAuts
 Ossuary: 265 daAuts
     D:4: 186 daAuts
    D:10: 174 daAuts
    D:12: 91 daAuts
     D:8: 47 daAuts
    D:11: 37 daAuts
     D:3: 34 daAuts
     D:9: 28 daAuts
  Temple: 13 daAuts
